 Dungeon Crawl Stone Soup version 0.22-a0-877-g5c4e1afb51 (webtiles) character file.

25 Htamos the Skirmisher (level 2, -1/27 HPs)
             Began as a Minotaur Monk on July 29, 2018.
             Slain by Natasha (6 damage)
             ... on level 2 of the Dungeon.
             The game lasted 00:01:33 (996 turns).

Htamos the Skirmisher (Minotaur Monk)                Turns: 996, Time: 00:01:34

Health: -1/27      AC:  3    Str: 15    XL:     2   Next: 82%
Magic:  1/1        EV: 13    Int:  7    God:
Gold:   45         SH:  0    Dex: 12    Spells: 1/1 levels left

rFire    . . .     SeeInvis .     - Unarmed
rCold    . . .     Gourm    .   (no shield)
rNeg     . . .     Faith    .   a - +0 robe
rPois    .         Spirit   .   (helmet restricted)
rElec    .         Reflect  .   (no cloak)
rCorr    .         Harm     .   (no gloves)
MR       .....                  c - +0 pair of boots
Stlth    ++........             (no amulet)
HPRegen  0.09/turn              (no ring)
MPRegen  0.07/turn              (no ring)

@: hasted, very quick
A: retaliatory headbutt, horns 2
a: no special abilities


You were on level 2 of the Dungeon.
You were not hungry.

You visited 1 branch of the dungeon, and saw 2 of its levels.

You collected 45 gold pieces.

Inventory:

Armour
 a - a +0 robe (worn)
 c - a +0 pair of boots (worn)
Scrolls
 d - 2 scrolls of identify
 e - 3 scrolls of remove curse
Comestibles
 b - 3 rations


   Skills:
 + Level 4.0 Fighting
 + Level 3.6 Dodging
 - Level 1.5 Stealth
 * Level 4.0 Unarmed Combat


You had one spell level left.
You didn't know any spells.
Your spell library was empty.

Dungeon Overview and Level Annotations

Branches:
Dungeon (2/15)

Altars:

Annotations:
D:2 Natasha


Innate Abilities, Weirdness & Mutations

You reflexively headbutt those who attack you in melee.
You have a pair of horns on your head.


Message History

You close the door.
Natasha opens the door.
You close the door.
Natasha opens the door.
You close the door.
Natasha opens the door.
You close the door.
Natasha opens the door.
You close the door.
There's nothing to close nearby.
Natasha opens the door.
You aren't carrying any items that you can evoke.
As you read the scroll labeled HODOIBBYOL, it crumbles to dust.
It is a scroll of identify.
e - 3 scrolls of remove curse You aren't carrying any pieces of jewellery.
You hit Natasha. Your headbutt misses Natasha.
Natasha is moderately wounded.
Natasha claws you!
* * * LOW HITPOINT WARNING * * *
You hit Natasha.
Natasha is heavily wounded.
Natasha claws you.
You die...

###############
#.............#
#.###########.# ######
#.# #.# #....# #.# #.#
#....# #.# #.#
#....###@###########.####
+....'.h.................
#....###.###########.....
###### #.# ############.
#.# #............
#.####.###########
#######....#.#..........
.......................#
.......................


You could see Natasha.

Vanquished Creatures
  A dart slug (D:1)
  2 leopard geckos
  4 goblins
  A hobgoblin (D:1)
  5 bats
  2 frilled lizards (D:1)
  4 kobolds (D:1)
  2 rats (D:1)
21 creatures vanquished.

Notes
Turn   | Place    | Note
-------+----------+-------------------------------------------
     0 | D:1      | Htamos the Minotaur Monk began the quest for the Orb.
     0 | D:1      | Reached XP level 1. HP: 19/19 MP: 0/0
   269 | D:1      | Reached XP level 2. HP: 20/27 MP: 1/1
   970 | D:2      | Noticed Natasha
   996 | D:2      | Slain by Natasha

Vault maps used:
D:1:      minmay_arrival_wavy_path, fountainhead
D:2:      lemuel_round_altar, uniq_robin, uniq_natasha

Skill      XL: |  1  2 |
---------------+-------+-----
Fighting       | 4 |  4.0
Unarmed Combat | 4 |  4.0
Dodging        | |  3.6
Stealth        | |  1.5

Action                   || total
-------------------------++-------
Melee: Unarmed           ||    57
       Headbutt          ||     6
       Punch             ||     1
  Use: Potion            ||     3
       Scroll            ||     1
 Stab: Sleeping          ||     1
Armor: Robe              ||    12
Dodge: Dodged            ||    32

Table legend:
 A = Spawn XP
 B = Non-spawn XP
 C = Spawn XP percentage of total XP
 D = Spawn monster count
 E = Non-spawn monster count
 F = Spawn count percentage of total count
 G = Total turns spent on level
                    A         B        C        D         E        F      G
               +---------+---------+-------+---------+---------+-------+---------
         Total |       0 |      36 |   0.0 |       0 |      21 |   0.0 |   996
               +---------+---------+-------+---------+---------+-------+---------
           D:1 |       0 |      29 |   0.0 |       0 |      18 |   0.0 |   867
           D:2 |       0 |       7 |   0.0 |       0 |       3 |   0.0 |   129
               +---------+---------+-------+---------+---------+-------+---------
